 Dungeon Crawl Stone Soup version 0.25-a0-589-g1e14c549ee (webtiles) character file.

Game seed: 9627135361190061760, levelgen mode: deterministic

23 Forecaster the Magician (level 2, -1/22 HPs)
             Began as a Naga Wizard on Mar 9, 2020.
             Slain by a gnoll
             ... wielding a +0 whip
              (2 damage)
             ... on level 2 of the Dungeon.
             The game lasted 00:05:23 (1856 turns).

Forecaster the Magician (Naga Wizard)               Turns: 1856, Time: 00:05:24

Health: -1/22      AC:  2    Str:  9    XL:     2   Next: 95%
Magic:  3/6        EV:  9    Int: 18    God:
Gold:   8          SH:  0    Dex:  9    Spells: 3/8 levels left

rFire    . . .     SeeInvis +   j - +0 dagger
rCold    . . .     Gourm    .   (no shield)
rNeg     . . .     Faith    .   l - +0 leather armour
rPois    +         Spirit   .   b - +0 hat
rElec    .         Reflect  .   (no cloak)
rCorr    .         Harm     .   (no gloves)
MR       +....                  (no barding)
Stlth    ++........             (no amulet)
HPRegen  0.07/turn              f - ring of protection from magic
MPRegen  0.10/turn              (no ring)

@: very slightly contaminated, very slow
A: large, see invisible, deformed body, poison resistance, slowness 2, slow
metabolism 1, spit poison 1, AC +0
a: Spit Poison


You were on level 2 of the Dungeon.
You were not hungry.

You visited 1 branch of the dungeon, and saw 2 of its levels.

You collected 8 gold pieces.

Inventory:

Hand Weapons
 e - a +0 club
 j - a +0 dagger (weapon)
Missiles
 g - 35 bolts
 h - 85 stones (quivered)
Armour
 a - a +0 robe
 b - a +0 hat (worn)
 l - a +0 leather armour (worn)
 o - a +0 ring mail
Jewellery
 f - a ring of protection from magic (left hand)
Scrolls
 c - 2 scrolls of remove curse {unknown}
 k - a scroll of blinking {unknown}
 n - 3 scrolls of identify {unknown}
Potions
 i - 2 potions of curing {unknown}
 m - a potion of heal wounds {unknown}
Comestibles
 d - 2 rations


   Skills:
 + Level 0.3 Short Blades
 + Level 1.7 Dodging
 + Level 3.0 Stealth
 + Level 3.5 Spellcasting
 + Level 1.1 Conjurations
 + Level 1.2 Summonings
 + Level 1.0 Translocations


You had 3 spell levels left.
You knew the following spells:

 Your Spells              Type           Power        Failure   Level  Hunger
a - Magic Dart            Conj           #...         14%         1    None
b - Call Imp              Summ           #.......     21%         2    ##.....
c - Blink                 Tloc           N/A          22%         2    ##.....

Your spell library contained the following spells:

 Spells                   Type           Power        Failure   Level  Hunger
 Slow                     Hex            #.......     32%         2    ##.....
 Conjure Flame            Conj/Fire      #.......     45%         3    ###....
 Mephitic Cloud           Conj/Pois/Air  #.......     50%         3    ###....


Dungeon Overview and Level Annotations

Branches:
Dungeon (2/15)

Altars:


Innate Abilities, Weirdness & Mutations

You cannot wear boots.
Your serpentine skin is tough. (AC +0)
You have supernaturally acute eyesight. (SInv)
Armour fits poorly on your strangely shaped body.
Your system is resistant to poisons. (rPois)
You cover ground very slowly.
You have a slow metabolism.
You can spit poison.


Message History

The gnoll hits you with a +0 whip.
Casting: Magic Dart (safe; 14% risk of failure)
Confirm with . or Enter, or press ? or * to list all spells.
Aiming: Magic Dart (safe; 14% risk of failure)
Press: ? - help, Shift-Dir - straight line, f/p - gnoll
Aim: a gnoll, wielding a +0 whip (severely wounded)
The magic dart hits the gnoll.
The gnoll is severely wounded.
The gnoll hits you with a +0 whip.
* * * LOW HITPOINT WARNING * * *
Casting: Magic Dart (safe; 14% risk of failure)
Confirm with . or Enter, or press ? or * to list all spells.
Aiming: Magic Dart (safe; 14% risk of failure)
Press: ? - help, Shift-Dir - straight line, f/p - gnoll
Aim: a gnoll, wielding a +0 whip (severely wounded)
You miscast Magic Dart.
You are very lightly contaminated with residual magic.
The air around you crackles with energy!
The gnoll hits you with a +0 whip.
You die...

#..#....#
#..#.#.##
#..#.#.# ...#
#.# ## ###.
#.####.# #.
#.....# #####
#....###....
#.#.##....#g.#
#.........@#
#######.####
#.# #.. ####


You could see a gnoll.

Vanquished Creatures
  A leopard gecko (D:2)
  A giant cockroach (D:1)
  2 goblins (D:1)
  3 bats (D:1)
  3 kobolds (D:1)
  5 rats (D:1)
15 creatures vanquished.

Vanquished Creatures (collateral kills)
  A worm (D:2)
  A dart slug (D:1)
  2 goblins (D:1)
  A hobgoblin (D:1)
  A kobold (D:1)
6 creatures vanquished.

Grand Total: 21 creatures vanquished

Notes
Turn   | Place    | Note
-------+----------+-------------------------------------------
     0 | D:1      | Forecaster the Naga Wizard began the quest for the Orb.
     0 | D:1      | Reached XP level 1. HP: 15/15 MP: 4/4
   323 | D:1      | Reached XP level 2. HP: 22/22 MP: 4/6
   327 | D:1      | Learned a level 2 spell: Call Imp
   330 | D:1      | Learned a level 2 spell: Blink
  1855 | D:2      | HP: 1/22 [gnoll/+0 whip (6)]
  1856 | D:2      | Slain by a gnoll

Levels and vault maps discovered:
D:1:      minmay_arrival_split_and_join, layout_basic, minmay_domino_2
D:2:      layout_loops_ring, chequers_temple_overflow_minitemple,
          overflow_temple_1_default, uniq_crazy_yiuf_cottage

Action                   || total
-------------------------++-------
Melee: Club              ||     3
       Dagger            ||    35
 Cast: Magic Dart        ||    24
       Call Imp          ||    10
 Stab: Sleeping          ||     2
  Eat: Chunk             ||     2
Armor: Robe              ||     4
       Leather armour    ||     2
Dodge: Dodged            ||    16

Table legend:
 A = Non-vault XP
 B = Vault XP
 C = Vault XP percentage of total XP
 D = Non-vault monster count
 E = Vault monster count
 F = Vault count percentage of total count
                 A         B        C        D         E       F
            +---------+---------+-------+---------+---------+-------
      Total |      30 |       3 |   9.1 |      19 |       2 |   9.5
            +---------+---------+-------+---------+---------+-------
        D:1 |      24 |       3 |  11.1 |      17 |       2 |  10.5
        D:2 |       6 |       0 |   0.0 |       2 |       0 |   0.0
            +---------+---------+-------+---------+---------+-------
